 Dungeon Crawl Stone Soup version 0.19.5 (webtiles) character file.

2263 Plasmo the Covered (level 9, -4/66 HPs)
             Began as a Human Wanderer on May 13, 2017.
             Was an Initiate of Okawaru.
             Slain by a killer bee (7 damage)
             ... on level 7 of the Dungeon.
             The game lasted 00:40:30 (9656 turns).

Plasmo the Covered (Human Wanderer)                 Turns: 9656, Time: 00:40:30

Health: -4/66      AC:  8    Str: 13    XL:     9   Next: 64%
Magic:  14/15      EV: 12    Int: 15    God:    Okawaru [......]
Gold:   366        SH:  0    Dex: 15    Spells: 4 memorised, 11 levels left

rFire  . . .     SeeInvis .     s - +1 long sword
rCold  . . .     Gourm    .     m - +0 ring mail
rNeg   + . .     Faith    .     (no shield)
rPois  .         Spirit   .     t - +0 helmet
rElec  .         Reflect  .     b - +0 cloak
rCorr  .         Harm     .     (no gloves)
MR     .....                    (no boots)
Stlth  ++........               (no amulet)
                                u - ring of positive energy
                                n - ring of wizardry (curse)

@: no status effects
A: agile 1, subdued magic 1
a: Renounce Religion


You were on level 7 of the Dungeon.
You worshipped Okawaru.
Okawaru was noncommittal.
You were not hungry.

You visited 2 branches of the dungeon, and saw 8 of its levels.

You collected 366 gold pieces.

Inventory:

Hand Weapons
 a - a +2 dagger
 c - a +0 spear
 s - a +1 long sword (weapon)
Armour
 b - a +0 cloak (worn)
 m - a +0 ring mail (worn)
 t - a +0 helmet (worn)
Magical Staves
 h - an uncursed staff of cold
Jewellery
 n - a cursed ring of wizardry (left hand)
 u - a ring of positive energy (right hand)
Wands
 d - a wand of random effects (6/48)
 x - a wand of lightning (3/15)
Scrolls
 l - 3 scrolls of amnesia
 o - a scroll of fog
 p - a scroll of identify
Potions
 e - 3 potions of flight
 i - a potion of curing
 k - a potion of lignification
Books
 j - a book of Air

   Spells                             Type                      Level
   a - Shock                          Conjuration/Air              1
   b - Swiftness                      Charms/Air                   2
   c - Repel Missiles                 Charms/Air                   2
   d - Static Discharge               Conjuration/Air              3
   e - Lightning Bolt                 Conjuration/Air              5
 q - a book of Party Tricks

   Spells                             Type                      Level
   a - Summon Butterflies             Summoning                    1
   b - Apportation                    Translocation                1
   c - Lesser Beckoning               Translocation                3
   d - Tukima's Dance                 Hexes                        3
   e - Alistair's Intoxication        Transmutation/Poison         5
   f - Invisibility                   Hexes                        6
Comestibles
 f - 5 bread rations
 g - 5 meat rations


   Skills:
 * Level 4.5 Fighting
 - Level 0.2(2.6) Short Blades
 * Level 4.3 Long Blades
 + Level 2.3 Throwing
 * Level 6.2 Armour
 * Level 4.0 Dodging
 + Level 3.2 Stealth
 * Level 4.4 Spellcasting
 * Level 1.9 Conjurations
 + Level 0.4 Charms
 - Level 1.0 Summonings
 + Level 0.6 Translocations
 * Level 1.3 Air Magic
 * Level 4.4 Evocations


You had 11 spell levels left.
You knew the following spells:

 Your Spells              Type           Power        Failure   Level  Hunger
a - Shock                 Conj/Air       #...         7%          1    None
b - Summon Butterflies    Summ           #.......     9%          1    None
c - Apportation           Tloc           #.........   10%         1    None
d - Swiftness             Chrm/Air       #.......     16%         2    ##.....


Dungeon Overview and Level Annotations

Branches:
Dungeon (7/15)             Temple (1/1) D:7

Altars:
Ashenzari
Cheibriados
Fedhas
Gozag
Hepliaklqana
Kikubaaqudgha
Makhleb
Okawaru
Ru
Sif Muna
Trog
Uskayaw
Vehumet
Xom
Zin
The Shining One

Shops:
D:6 %

Annotations:
D:5 monokles's ghost, novice DEVM


Innate Abilities, Weirdness & Mutations

You are agile. (Dex +2)
Your spells are a little easier to cast, but a little less powerful.


Message History

The killer bee stings your butterfly.
Your butterfly dies!
You feel sick.
Press: ? - help, v - describe, . - travel The floor.
Okay, then.
The killer bee completely misses your butterfly.
You feel sick.
Your butterfly disappears in a puff of smoke!
The killer bee stings your butterfly.
Your butterfly dies!
The killer bee stings you but does no damage.
The killer bee stings you.
* * * LOW HITPOINT WARNING * * *
The killer bee misses you.
You riposte.
You closely miss the killer bee.
The killer bee is severely wounded.
You feel sick.
You are no longer poisoned.
The killer bee stings you!
You die...

################.########.#
.........yyy..............#
###############..########.#
####### #...............# .......
#.###..########## ...§...
#.###y.# ####### ...§.§.#
#.#..y.# #......
....§..#..#.#.#y####### #......
......§#..#.#.#y@.....# #......
.......#..#.#.#######.#####......
.......#.........................
.......#.>..........#.#####......
.......#..#.........#.# #......
.......#......#####.#.# #..†...
.......##......†.<#)#.# ##[###.
......§ #....######)#.# #.# #.
....... #..........)#.######.###.


You could see 4 killer bees.

Vanquished Creatures
  An orc warrior (D:6)
  An ice beast (D:7)
  A necrophage (D:4)
  2 ogres (D:4)
  A centaur (D:7)
  A gnoll sergeant (D:7)
  5 bullfrogs
  3 scorpions
  2 killer bees (D:7)
  3 howler monkeys
  3 crimson imps
  3 orc priests
  5 hounds
  4 orc wizards
  A bullfrog skeleton (D:5)
  A centaur skeleton (D:4)
  3 iguanas
  4 worker ants
  A hound skeleton (D:4)
  4 gnolls (D:7)
  15 adders
  2 oozes
  An adder skeleton (D:7)
  An adder zombie (D:6)
  2 worms (D:2)
  2 dart slugs (D:1)
  5 leopard geckos
  24 orcs
  6 giant cockroaches
  11 goblins
  7 hobgoblins
  8 jackals
  5 kobolds
  5 quokkas
  A ball python skeleton (D:4)
  6 bats
  5 frilled lizards
  A leopard gecko skeleton (D:4)
  3 rats
159 creatures vanquished.

Vanquished Creatures (others)
  The ghost of Mukku the Destroyer, a novice DgCj (D:7)
  A hound skeleton (D:7)
  A quokka skeleton (D:7)
3 creatures vanquished.

Grand Total: 162 creatures vanquished

Notes
Turn   | Place    | Note
-------+----------+-------------------------------------------
     0 | D:1      | Plasmo the Human Wanderer began the quest for the Orb.
     0 | D:1      | Plasmo set off with: a +2 dagger, a potion of berserk rage, a +0 spear, a wand of random effects (15/48), a +0 robe, a bread ration
     0 | D:1      | Reached XP level 1. HP: 15/15 MP: 3/3
   105 | D:1      | Reached XP level 2. HP: 10/21 MP: 5/5
  1088 | D:1      | Reached XP level 3. HP: 16/26 MP: 6/6
  1565 | D:2      | Found a shimmering altar of Xom.
  1573 | D:2      | Found a shimmering altar of Xom.
  1574 | D:2      | Found a shimmering altar of Xom.
  1574 | D:2      | Found a shimmering altar of Xom.
  1574 | D:2      | Found a shimmering altar of Xom.
  1575 | D:2      | Found a shimmering altar of Xom.
  1647 | D:2      | Reached skill level 1 in Dodging
  1784 | D:2      | Reached XP level 4. HP: 29/32 MP: 7/7
  2553 | D:3      | Noticed an orc warrior
  3082 | D:3      | Reached XP level 5. HP: 26/38 MP: 8/8
  3130 | D:3      | Reached skill level 1 in Throwing
  3248 | D:3      | Reached skill level 1 in Long Blades
  3680 | D:3      | Found a blossoming altar of Fedhas.
  3720 | D:4      | Noticed an ogre
  3757 | D:4      | Reached XP level 6. HP: 32/46 MP: 10/10
  3916 | D:4      | Noticed an ogre
  3924 | D:4      | Killed an ogre
  3974 | D:4      | Reached XP level 7. HP: 20/51 MP: 11/11
  4581 | D:4      | Reached skill level 5 in Armour
  4973 | D:4      | Found a faded altar of an unknown god.
  4973 | D:4      | Found a faded altar of an unknown god.
  4978 | D:4      | Found a faded altar of an unknown god.
  4983 | D:4      | Reached XP level 8. HP: 49/55 MP: 12/12
  4991 | D:4      | Found a bloodstained altar of Trog.
  5001 | D:4      | Found a faded altar of an unknown god.
  5716 | D:5      | Entered Level 5 of the Dungeon
  5950 | D:5      | Found a sacrificial altar of Ru.
  6224 | D:5      | Noticed monokles's ghost (novice DEVM)
  6242 | D:5      | Gained mutation: Your spells are a little easier to cast, but a little less powerful. [potion of mutation]
  6242 | D:5      | Gained mutation: You are agile. (Dex +2) [potion of mutation]
  6243 | D:5      | Paralysed by monokles's ghost for 7 turns
  7409 | D:6      | Found Ogestrul's Food Boutique.
  7766 | D:6      | Reached XP level 9. HP: 45/65 MP: 14/14
  8235 | D:7      | Learned a level 1 spell: Shock
  8237 | D:7      | Learned a level 1 spell: Summon Butterflies
  8239 | D:7      | Learned a level 1 spell: Apportation
  8242 | D:7      | Learned a level 2 spell: Swiftness
  8576 | D:7      | Reached skill level 6 in Armour
  8644 | D:7      | Killed Mukku's ghost
  8698 | D:7      | Reached skill level 1 in Conjurations
  8943 | D:7      | Reached skill level 1 in Air Magic
  9091 | D:7      | Found a hazy altar of Hepliaklqana.
  9295 | D:7      | Found a staircase to the Ecumenical Temple.
  9304 | Temple   | Entered the Ecumenical Temple
  9430 | Temple   | Became a worshipper of Warmaster Okawaru
  9656 | D:7      | HP: 3/66 [poisoned by a killer bee]
  9656 | D:7      | Slain by a killer bee

Skill      XL: |  1  2  3  4  5  6  7  8  9 |
---------------+----------------------------+-----
Dodging        | 1 2 3 4 |  4.0
Fighting       | 2 3 4 |  4.5
Throwing       | 1 2 |  2.3
Long Blades    | 1 2 3 4 |  4.3
Evocations     | 2 3 4 |  4.4
Spellcasting   | 3 4 |  4.4
Stealth        | 2 3 |  3.2
Armour         | 5 6 |  6.2
Conjurations   | 1 |  1.9
Air Magic      | 1 |  1.3
Short Blades   | |  0.2
Charms         | |  0.4
Summonings     | |  1.0
Translocations | |  0.6

Action                   |  1- 3 |  4- 6 |  7- 9 || total
-------------------------+-------+-------+-------++-------
Melee: Dagger            |   129 |       |       ||   129
       Long sword        |     9 |   157 |   356 ||   522
 Cast: Shock             |       |       |    53 ||    53
       Summon Butterflie |       |       |     5 ||     5
Evoke: Wand              |       |       |    14 ||    14
  Use: Scroll            |       |     9 |     9 ||    18
       Potion            |       |     2 |     9 ||    11
 Stab: Sleeping          |       |       |     2 ||     2
  Eat: Chunk             |     1 |     3 |     2 ||     6
       Pizza             |     1 |       |     1 ||     2
       Meat ration       |       |     1 |     1 ||     2
       Fruit             |       |       |     9 ||     9
       Royal jelly       |       |       |     1 ||     1
       Beef jerky        |       |       |     1 ||     1
Armor: Robe              |     9 |       |       ||     9
       Ring mail         |    39 |    50 |   197 ||   286
       Skin              |       |       |    22 ||    22
Dodge: Dodged            |    63 |    87 |   282 ||   432
       Rpst.: Long sword |     3 |    29 |    96 ||   128
